 Dungeon Crawl Stone Soup version 0.29.1-2-gbd0b4ee654 (webtiles) character file.

Game seed: 8146363240161737095

295 styxcanada the Covert (level 6, -3/30 HPs)
             Began as a Spriggan Brigand on Oct 29, 2022.
             Killed from afar by Blork the orc (11 damage)
             ... with a magic dart
             ... on level 4 of the Dungeon.
             The game lasted 00:16:16 (3689 turns).

styxcanada the Covert (Spriggan Brigand)            Turns: 3689, Time: 00:16:16

Health: -3/30      AC:  3    Str:  7    XL:     6   Next: 11%
Magic:  8/8        EV: 21    Int: 12    God:
Gold:   188        SH:  6    Dex: 19    Spells: 4/6 levels left

rFire   . . .      SeeInvis +   y - +5 short sword "Rigaej" {freeze, rN+}
rCold   . . .      Faith    .   q - +0 buckler
rNeg    + . .      Spirit   .   b - +0 robe
rPois   .          Reflect  .   (helmet restricted)
rElec   .          Harm     .   c - +0 cloak
rCorr   .          Rampage  .   (gloves unavailable)
Will    ++...                   (boots unavailable)
Stlth   ++++......              (no amulet)
HPRegen 0.10/turn               k - +4 ring of evasion
MPRegen 0.11/turn               w - ring of willpower

@: very quick
A: very small, no large weapons, unfitting armour, see invisible, speed 3
a: no special abilities


You were on level 4 of the Dungeon.
You visited 1 branch of the dungeon, and saw 4 of its levels.

You collected 188 gold pieces.

Inventory:

Hand Weapons
 a - a +2 dagger
 f - a +3 quarterstaff of chaos
 o - a +0 sling
 r - a +1 dagger of holy wrath
 y - the +5 short sword "Rigaej" (weapon) {freeze, rN+}
   (You found it on level 3 of the Dungeon)

   It freezes those it strikes, dealing additional cold damage.
   It can also slow down cold-blooded creatures.
   rN:        It protects you from negative energy.
Missiles
 d - 10 poisoned darts (quivered)
 e - 3 curare-tipped darts
 g - 31 stones
 j - 4 boomerangs of dispersal
Armour
 b - a +0 robe (worn)
 c - a +0 cloak (worn)
 q - a +0 buckler (worn)
Jewellery
 k - a +4 ring of evasion (left hand)
 w - a ring of willpower (right hand)
 x - a ring of resist corrosion
Scrolls
 h - a scroll of enchant armour
 i - 2 scrolls of fog
 l - a scroll of silence
 p - a scroll of noise {unknown}
Potions
 m - a potion of might
 n - a potion of haste
 u - a potion of flight


   Skills:
 * Level 2.2 Fighting
 + Level 3.0 Short Blades
 + Level 2.2 Throwing
 * Level 3.0 Dodging
 * Level 8.4 Stealth
 * Level 1.3 Shields
 * Level 0.9 Spellcasting
 * Level 1.0 Hexes
 * Level 0.8 Ice Magic


You had 4 spell levels left.
You knew the following spells:

 Your Spells              Type           Power      Damage    Failure   Level
a - Ensorcelled Hibernat  Hex/Ice        4%         N/A       56%         2

Your spell library contained the following spells:

 Spells                   Type           Power      Damage    Failure   Level
 Apportation              Tloc           0%         N/A       54%         1
 Necrotise                Necr           0%         1d4       54%         1
 Summon Small Mammal      Summ           0%         N/A       54%         1
 Passwall                 Tmut/Erth      0%         N/A       69%         2
 Confusing Touch          Hex            3%         N/A       77%         3
 Swiftness                Air            0%         N/A       89%         3
 Olgreb's Toxic Radiance  Pois           0%         N/A       100%        4
 Yara's Violent Unravell  Hex/Tmut       0%         3d3       100%        5
 Enfeeble                 Hex            1%         N/A       100%        7
 Ozocubu's Refrigeration  Ice            1%         4d7       100%        7
 Ignition                 Fire           0%         3d3       100%        8


Dungeon Overview and Level Annotations

Branches:
Dungeon (4/15)
 Temple: D:4-7

Altars:
Ashenzari

Annotations:
D:4 Blork the orc, Robin


Innate Abilities, Weirdness & Mutations

You are very small and have problems with some larger weapons.
You are too small for most types of armour.
You have supernaturally acute eyesight. (SInv)
You cover ground extremely quickly. (Speed+++)


Message History

Blork the orc casts a spell at you. The magic dart hits you!
* * * LOW HITPOINT WARNING * * *
Blork the orc begins to cast a cantrip, but forgets the words!
Blork the orc casts a spell at you. The puff of frost misses you.
You kill the goblin!
You start resting.
A goblin is nearby!
Throw: 14 darts (poison)
Press: ? - help, Q - select action, (/) - cycle Shift-Dir - straight line, f - goblin
Aim: a goblin, wielding a +0 dagger (moderately wounded, strong, 56% to hit)
You throw a poisoned dart. The poisoned dart hits the goblin.
The goblin is poisoned.
The goblin is moderately wounded.
The goblin no longer looks unusually strong.
Blork the orc casts a spell.
Blork the orc seems to speed up.
You hit the goblin. You freeze the goblin.
You kill the goblin!
Throw: 13 darts (poison)
Press: ? - help, Q - select action, (/) - cycle Shift-Dir - straight line, f - Blork the orc
Aim: Blork the orc, wielding a +0 dire flail, wearing a +0 robe and carrying a wand of flame (14) (fast, 66% to hit)
You throw a poisoned dart.
The poisoned dart barely misses Blork the orc.
Throw: 12 darts (poison)
Press: ? - help, Q - select action, (/) - cycle Shift-Dir - straight line, f/p - Blork the orc
Aim: Blork the orc, wielding a +0 dire flail, wearing a +0 robe and carrying a wand of flame (14) (fast, 66% to hit)
You throw a poisoned dart. The poisoned dart hits Blork the orc.
Blork the orc is poisoned.
Blork the orc zaps a wand.
The puff of flame misses you.
Throw: 11 darts (poison)
Press: ? - help, Q - select action, (/) - cycle Shift-Dir - straight line, f/p - Blork the orc
Aim: Blork the orc, wielding a +0 dire flail, wearing a +0 robe and carrying a wand of flame (13) (lightly wounded, fast, poisoned, 66% to hit)
You throw a poisoned dart.
The poisoned dart closely misses Blork the orc.
Blork the orc looks more healthy.
Blork the orc gestures at you while chanting.
The magic dart hits you!
You die...

.)## #................##
..# ##................#
..# #................#
.## #................# o#
#.......)........# .#
##..รท............# ##
#...............# #
##.....<........# #
#......@.......# #
##...##........# #
######........# ###
#.o.......# ..##
##........## ...#
###.........# ...##
####...........#
...(#####..............##
.(..((.)................#


You could see Blork the orc (fast).

Vanquished Creatures
  A black bear (D:4)
  Crazy Yiuf (D:4)
  7 adders
  2 worms
  3 dart slugs
  2 orcs (D:3)
  9 ball pythons
  5 endoplasms
  7 giant cockroaches
  15 goblins
  9 hobgoblins
  10 jackals
  5 quokkas
  6 bats
  5 frilled lizards
  3 kobolds
  4 rats
94 creatures vanquished.

Vanquished Creatures (others)
  78 plants (D:2)
78 creatures vanquished.

Grand Total: 172 creatures vanquished

Notes
Turn   | Place    | Note
-------+----------+-------------------------------------------
     0 | D:1      | styxcanada the Spriggan Brigand began the quest for the
                  | Orb.
     0 | D:1      | Reached XP level 1. HP: 10/10 MP: 2/2
    19 | D:1      | Reached skill level 6 in Stealth
   263 | D:1      | Reached XP level 2. HP: 12/15 MP: 3/3
   355 | D:1      | Reached skill level 7 in Stealth
   701 | D:1      | Reached XP level 3. HP: 17/18 MP: 4/4
  1715 | D:2      | Reached XP level 4. HP: 23/23 MP: 5/5
  1813 | D:2      | Reached skill level 8 in Stealth
  2401 | D:3      | Found a broken altar of Ashenzari.
  2795 | D:3      | Reached XP level 5. HP: 23/26 MP: 6/6
  2849 | D:3      | Learned a level 2 spell: Ensorcelled Hibernation
  3026 | D:3      | Reached skill level 1 in Shields
  3118 | D:3      | Found a faded altar of an unknown god.
  3137 | D:3      | Identified the +5 short sword "Rigaej" {freeze, rN+}
  3354 | D:4      | Noticed a black bear
  3370 | D:4      | Killed a black bear
  3462 | D:4      | Found a runed translucent door.
  3463 | D:4      | Noticed Crazy Yiuf
  3470 | D:4      | Killed Crazy Yiuf
  3471 | D:4      | Reached skill level 1 in Hexes
  3471 | D:4      | Reached XP level 6. HP: 30/30 MP: 8/8
  3621 | D:4      | Noticed Robin
  3627 | D:4      | Noticed Blork the orc
  3689 | D:4      | Killed from afar by Blork the orc

Illustrated notes

Levels and vault maps discovered:
D:1:      psy_arrival_fountain, layout_rooms, kennysheep_boxes
D:2:      layout_basic, serial_bayou, serial_bayou_crossing,
          serial_bayou_shore_a, serial_bayou_lagoon_b, serial_bayou_pond_e,
          serial_bayou_lagoon_a
D:3:      layout_rooms, ashenzari_altar_1, hellmonk_ecumenical_altar_crossroads,
          minmay_randomly_rotated_circles
D:4:      layout_cave_pods, grunt_decor_arrowhead, uniq_blork_the_orc,
          uniq_crazy_yiuf_cottage, uniq_grinder, uniq_robin

Skill      XL: |  1  2  3  4  5  6 |
---------------+-------------------+-----
Stealth        | 6 7 8 |  8.4
Fighting       | 2 |  2.2
Dodging        | 2 3 |  3.0
Shields        | 1 |  1.3
Short Blades   | 3 |  3.0
Hexes          | 1 |  1.0
Throwing       | |  2.2
Spellcasting   | |  0.9
Ice Magic      | |  0.8

Action                   |  1- 3 |  4- 6 || total
-------------------------+-------+-------++-------
Melee: Dagger            |   108 |   132 ||   240
       Short sword       |       |    16 ||    16
Throw: Dart              |     9 |    24 ||    33
  Use: Scroll            |     2 |    10 ||    12
 Stab: Sleeping          |    11 |     8 ||    19
Armor: Robe              |     6 |     7 ||    13
Dodge: Dodged            |    95 |   106 ||   201
Block: Buckler           |       |    31 ||    31
